 Dungeon Crawl Stone Soup version 0.24.1 (webtiles) character file.

Game seed: 786805622120295472, levelgen mode: deterministic

19238 Descartes the Zephyrmancer (level 12, -1/59 HPs)
             Began as a Deep Elf Air Elementalist on Apr 5, 2020.
             Was a High Priest of Dithmenos.
             Slain by a five-headed hydra (5 damage)
             ... on level 5 of the Lair of Beasts.
             The game lasted 01:03:28 (18626 turns).

Descartes the Zephyrmancer (DEAE)                  Turns: 18626, Time: 01:03:28

Health: -1/59      AC:  5    Str:  5    XL:     12   Next: 34%
Magic:  2/28       EV: 17    Int: 29    God:    Dithmenos [*****.]
Gold:   825        SH:  0    Dex: 15    Spells: 4/31 levels left

rFire    + . .     SeeInvis .   M - +2 dagger (venom)
rCold    + . .     Gourm    .   (no shield)
rNeg     . . .     Faith    .   U - +0 leather armour of Vucwock {MR+} (curse)
rPois    +         Spirit   .   X - +1 hat {Int+3}
rElec    .         Reflect  .   C - +0 cloak
rCorr    .         Harm     .   (no gloves)
MR       ++...                  (no boots)
Stlth    +++++++...             m - amulet of magic regeneration
HPRegen  0.19/turn              i - ring of protection from fire
MPRegen  0.46/turn              r - ring of protection from cold

@: wreathed by umbra
A: talons 1, blurry vision 1, poison resistance, MP-powered wands
a: Shadow Step, Shadow Form, Renounce Religion


You were on level 5 of the Lair of Beasts.
You worshipped Dithmenos.
Dithmenos was extremely pleased with you.
You were not hungry.

You visited 3 branches of the dungeon, and saw 15 of its levels.

You collected 914 gold pieces.
You spent 89 gold pieces at shops.

Inventory:

Hand Weapons
 E - a +0 scimitar of flaming
 M - a +2 dagger of venom (weapon)
Missiles
 b - 51 poisoned darts
 f - 386 stones (quivered)
 g - 11 boomerangs
 h - 241 arrows
 x - 6 atropa-tipped darts
Armour
 y - a +0 robe of cold resistance
 C - a +0 cloak (worn)
 U - the cursed +0 leather armour of Vucwock (worn) {MR+}
   (You found it on level 1 of the Lair of Beasts)

   It affects your resistance to hostile enchantments.
   It has a curse placed upon it.
 V - a +0 buckler
 X - a +1 hat of intelligence (worn)
Magical Staves
 z - an uncursed staff of cold
Jewellery
 i - a ring of protection from fire (left hand)
 k - an uncursed ring of resist corrosion
 m - an amulet of magic regeneration (around neck)
 r - a ring of protection from cold (right hand)
 T - a +3 ring of dexterity
 W - an uncursed ring of positive energy
Wands
 a - a wand of polymorph (10)
 A - a wand of digging (8)
 D - a wand of disintegration (4)
Scrolls
 l - 2 scrolls of enchant armour
 n - 5 scrolls of identify
 o - 2 scrolls of remove curse
 p - 4 scrolls of fog
 q - 7 scrolls of teleportation
 s - 3 scrolls of enchant weapon {unknown}
 v - 2 scrolls of amnesia
 B - 2 scrolls of random uselessness {unknown}
 I - 4 scrolls of fear {unknown}
 J - 2 scrolls of magic mapping
 O - 2 scrolls of blinking {unknown}
 P - a scroll of silence {unknown}
 Q - 3 scrolls of immolation {unknown}
 R - a scroll of holy word {unknown}
Potions
 d - a potion of berserk rage
 j - 2 potions of lignification {unknown}
 t - a potion of haste
 u - 2 potions of agility {unknown}
 w - 3 potions of cancellation
 F - a potion of might
 G - a potion of magic
 K - 2 potions of flight
 L - 3 potions of curing
 N - a potion of heal wounds
 Y - 2 potions of ambrosia {unknown}
Miscellaneous
 e - a sack of spiders
Comestibles
 c - 23 rations


   Skills:
 * Level 4.0 Armour
 - Level 9.0 Dodging
 + Level 10.0 Stealth
 * Level 1.9 Shields
 + Level 10.0 Spellcasting
 * Level 9.0 Conjurations
 + Level 5.9 Translocations
 + Level 10.5 Air Magic
 + Level 6.5 Invocations


You had 4 spell levels left.
You knew the following spells:

 Your Spells              Type           Power        Failure   Level  Hunger
a - Shock                 Conj/Air       ####         1%          1    None
b - Airstrike             Air            ######....   1%          4    None
c - Static Discharge      Conj/Air       ######..     1%          3    None
d - Lightning Bolt        Conj/Air       ######....   2%          5    ###....
e - Swiftness             Chrm/Air       #####...     1%          2    None
f - Summon Lightning Spi  Summ/Air       #####...     7%          4    None
g - Blink                 Tloc           N/A          1%          2    None
h - Mephitic Cloud        Conj/Pois/Air  ######..     1%          3    None
i - Dazzling Spray        Conj/Hex       #####.       2%          3    None

Your spell library contained the following spells:

 Spells                   Type           Power        Failure   Level  Hunger
 Magic Dart               Conj           ####         1%          1    None
 Conjure Flame            Conj/Fire      #####...     2%          3    None
 Recall                   Summ/Tloc      N/A          5%          3    None
 Corona                   Hex            ##.....      6%          1    None
 Summon Small Mammal      Summ           ##..         6%          1    None
 Call Imp                 Summ           ##......     9%          2    None
 Ensorcelled Hibernation  Hex/Ice        ##....       9%          2    None
 Slow                     Hex            ##......     9%          2    None
 Call Canine Familiar     Summ           ##......     17%         3    None
 Confuse                  Hex            ##......     17%         3    None
 Summon Guardian Golem    Hex/Summ       ##......     17%         3    None
 Tukima's Dance           Hex            ##......     17%         3    None
 Animate Dead             Necr           N/A          50%         4    None
 Summon Ice Beast         Ice/Summ       ##......     50%         4    None
 Borgnjor's Vile Clutch   Necr/Erth      ##........   85%         5    ###....
 Death Channel            Necr           ##........   100%        6    #####..
 Simulacrum               Ice/Necr       ##........   100%        6    #####..


Dungeon Overview and Level Annotations

Branches:
Dungeon (9/15)             Temple (1/1) D:4            Lair (5/6) D:9
 Shoals (0/4) Lair:4       Spider (0/4) Lair:3
  Slime: Lair:5-6       Orc: D:9-12

Altars:
Ashenzari
Cheibriados
Dithmenos
Elyvilon
Fedhas
Gozag
Hepliaklqana
Kikubaaqudgha
Makhleb
Nemelex Xobeh
Okawaru
Qazlal
Ru
Sif Muna
Trog
Uskayaw
Vehumet
Wu Jian
Xom
Yredelemnul
Zin
The Shining One
Jiyva

Shops:
D:5 *}==}   D:7 }   D:8 }   D:9 *

Annotations:
Lair:1 3 runed translucent doors, VPR's ghost, journeyman GnSk


Innate Abilities, Weirdness & Mutations

You have sharp toenails.
Scrolls take you a little longer to read.
Your system is resistant to poisons. (rPois)
You expend magic power (3 MP) to strengthen your wands.


Message History

The yak is struck by an arc of lightning!
The yak is severely wounded.
You are struck by an arc of lightning.
The five-headed hydra is struck by an arc of lightning.
The five-headed hydra is almost dead.
You are struck by an arc of lightning.
The lightning grounds out.
The yak is struck by an arc of lightning!
The yak is almost dead.
The lightning grounds out.
The five-headed hydra is struck by an arc of lightning.
The five-headed hydra is almost dead.
You are struck by an arc of lightning.
The yak is struck by an arc of lightning.
The yak is severely wounded.
The lightning grounds out.
The yak closely misses you. x2
The five-headed hydra completely misses you.
The five-headed hydra bites you!
* * * LOW HITPOINT WARNING * * *
The five-headed hydra bites you.
You die...

......#.#....#.#..########..#####
#.#....##.....#......###......##.
#....###......#...#...#.#...#...#
#.PP## #####..+.........#...#.#..
##.##...♣...'...♣...+.. #
#P..........#.#...#....
#.#...#.......#.#...#.#.#
#.....##.....#.#......##.
#....#@####....#.###.## #....YYD#
.+.##...#...#
#......Y.###..#.....#...
#.......## #.#♣.>.♣#... #.##.#.##
##......+.# # #†#.# #..♣.##.##
#.... ###..=÷#..# . ...
.#....<...## . ... ............#


You could see a five-headed hydra and 3 yaks.

Vanquished Creatures
  Gastronok (Lair:2)
  3 hydras
  Erica (Lair:2)
  Pikel (D:6)
  7 spiny frogs
  A rime drake (Lair:3)
  2 komodo dragons
  A troll (D:9)
  5 blink frogs (Lair:1)
  8 hippogriffs
  13 yaks
  6 basilisks
  3 hungry ghosts
  7 water moccasins
  10 porcupines
  4 orc warriors
  A slave (D:5)
  A black bear (D:9)
  6 ogres
  2 phantoms
  An ice beast (D:7)
  A sky beast (D:7)
  5 centaurs
  9 crocodiles
  2 big kobolds
  Blork the orc (D:6)
  13 bullfrogs
  5 scorpions
  A water moccasin skeleton (D:5)
  3 killer bees (D:7)
  5 wights
  An electric eel (Lair:3)
  2 howler monkeys
  8 crimson imps
  A jelly (D:6)
  A centaur skeleton (D:6)
  5 orc priests
  2 hounds
  9 orc wizards
  A bullfrog skeleton (D:5)
  5 worker ants
  A killer bee zombie (D:8)
  A hound zombie (D:7)
  A gnoll (D:1)
  13 adders
  A shadow imp (D:7)
  3 oozes
  An adder skeleton (D:4)
  2 adder zombies
  3 dart slugs
  6 worms
  6 leopard geckos
  40 orcs
  3 ball pythons
  9 bats
  7 giant cockroaches
  14 goblins
  5 hobgoblins
  18 jackals
  18 kobolds
  4 quokkas
  7 frilled lizards
  A jackal skeleton (D:6)
  A leopard gecko skeleton (D:4)
  12 rats
341 creatures vanquished.

Vanquished Creatures (collateral kills)
  A black mamba (Lair:2)
1 creature vanquished.

Vanquished Creatures (others)
  A water moccasin (Lair:2)
  An orc wizard (D:5)
  A worker ant (D:6)
  4 fungi (Lair:5)
  3 plants
10 creatures vanquished.

Grand Total: 352 creatures vanquished

Notes
Turn   | Place    | Note
-------+----------+-------------------------------------------
     0 | D:1      | Descartes the Deep Elf Air Elementalist began the quest for
                  | the Orb.
     0 | D:1      | Reached XP level 1. HP: 10/10 MP: 6/6
   236 | D:1      | Reached XP level 2. HP: 15/15 MP: 5/8
   745 | D:1      | Reached XP level 3. HP: 19/19 MP: 5/9
  1799 | D:2      | Found an ancient bone altar of Kikubaaqudgha.
  1799 | D:2      | Found a basalt altar of Yredelemnul.
  1809 | D:2      | Found a hide-covered altar of Uskayaw.
  1932 | D:2      | Reached XP level 4. HP: 24/24 MP: 1/11
  2797 | D:2      | Found a sparkling altar of Nemelex Xobeh.
  3192 | D:2      | HP: 1/24 [poisoned by an adder]
  3197 | D:2      | Reached XP level 5. HP: 8/28 MP: 0/12
  3420 | D:2      | Learned a level 4 spell: Airstrike
  3424 | D:2      | Learned a level 3 spell: Static Discharge
  4326 | D:3      | Noticed a moth of wrath
  4329 | D:3      | Found a bloodstained altar of Trog.
  4656 | D:4      | Noticed an ogre
  4665 | D:4      | Killed an ogre
  4665 | D:4      | Reached XP level 6. HP: 14/32 MP: 5/14
  4962 | D:4      | Reached skill level 5 in Air Magic
  5584 | D:4      | Found a staircase to the Ecumenical Temple.
  5641 | D:4      | Reached XP level 7. HP: 23/36 MP: 3/16
  6084 | D:4      | Reached skill level 5 in Stealth
  6084 | D:4      | Reached skill level 5 in Spellcasting
  6240 | D:5      | Entered Level 5 of the Dungeon
  6240 | D:5      | Found Ginnyath's Gadget Emporium.
  6841 | Temple   | Entered the Ecumenical Temple
  6972 | Temple   | Became a worshipper of Dithmenos the Shadowed
  7191 | D:5      | Found Denidyh's Jewellery Emporium.
  7279 | D:5      | You fall into a shaft and drop 2 floors!
  7288 | D:7      | Found a sparkling altar of Nemelex Xobeh.
  7288 | D:7      | Noticed a hippogriff
  7299 | D:7      | Killed a hippogriff
  7299 | D:7      | Reached skill level 5 in Dodging
  7299 | D:7      | Reached XP level 8. HP: 22/41 MP: 10/18
  7906 | D:7      | Reached * piety under Dithmenos
  7931 | D:7      | Learned a level 5 spell: Lightning Bolt
  7934 | D:7      | Learned a level 2 spell: Swiftness
  8133 | D:5      | Found Fyaschamy's Jewellery Shop.
  8219 | D:5      | Reached skill level 1 in Invocations
  8524 | D:5      | Found Leasoty's Assorted Antiques.
  8531 | D:5      | Bought a scroll labeled FISTRE RUIT for 23 gold pieces
  8531 | D:5      | Bought a scroll labeled FUNYUKH DIXI for 23 gold pieces
  8531 | D:5      | Bought a scroll labeled FISTRE RUIT for 23 gold pieces
  8531 | D:5      | Bought a fizzy clear potion for 20 gold pieces
  8917 | D:5      | Found Icsesos's Gadget Shoppe.
  9060 | D:6      | Noticed Pikel
  9262 | D:5      | Reached skill level 5 in Conjurations
  9679 | D:6      | Reached XP level 9. HP: 45/45 MP: 11/21
 10228 | D:6      | Noticed Blork the orc
 10238 | D:6      | Killed Blork the orc
 10242 | D:6      | Reached ** piety under Dithmenos
 10292 | D:6      | Learned a level 4 spell: Summon Lightning Spire
 10295 | D:6      | Learned a level 2 spell: Blink
 10382 | D:6      | Killed Pikel
 10382 | D:6      | Reached skill level 1 in Translocations
 11577 | D:7      | Found a shimmering altar of Xom.
 11692 | D:7      | Reached *** piety under Dithmenos
 11840 | D:7      | Found Razuott's Gadget Shop.
 11843 | D:7      | Reached XP level 10. HP: 50/50 MP: 14/23
 12832 | D:8      | Found Ameamar's Gadget Emporium.
 13129 | D:9      | Reached **** piety under Dithmenos
 13435 | D:9      | Found a stormy altar of Qazlal.
 13694 | D:9      | Learned a level 3 spell: Mephitic Cloud
 13702 | D:9      | Found Urghad's General Store.
 13715 | D:9      | Gained mutation: You expend magic power (3 MP) to
                  | strengthen your wands. [potion of mutation]
 13715 | D:9      | Gained mutation: Scrolls take you a little longer to read.
                  | [potion of mutation]
 13715 | D:9      | Gained mutation: You have sharp toenails. [potion of
                  | mutation]
 13715 | D:9      | Gained mutation: Your system is resistant to poisons.
                  | (rPois) [potion of mutation]
 13754 | D:9      | Found a staircase to the Lair.
 13847 | Lair:1   | Entered Level 1 of the Lair of Beasts
 13966 | Lair:1   | Found a runed translucent gate.
 13966 | Lair:1   | Found a runed translucent gate.
 13966 | Lair:1   | Found a runed translucent gate.
 13967 | Lair:1   | Noticed a death ooze
 13968 | Lair:1   | Found a viscous altar of Jiyva.
 13968 | Lair:1   | Noticed VPR's ghost (journeyman GnSk)
 13992 | Lair:1   | Reached skill level 5 in Invocations
 13993 | Lair:1   | Reached XP level 11. HP: 49/54 MP: 19/25
 14211 | Lair:1   | Got a smelly leather armour
 14222 | Lair:1   | Identified the cursed +0 leather armour of Vucwock {MR+}
                  | (You found it on level 1 of the Lair of Beasts)
 14228 | Lair:1   | Noticed a four-headed hydra
 14232 | Lair:1   | Killed a four-headed hydra
 14232 | Lair:1   | Reached skill level 10 in Air Magic
 14430 | Lair:1   | Reached skill level 1 in Armour
 14850 | Lair:2   | Noticed a six-headed hydra
 14860 | Lair:2   | Killed a six-headed hydra
 15027 | Lair:2   | Noticed Erica
 15059 | Lair:2   | Killed Erica
 15059 | Lair:2   | Reached skill level 5 in Translocations
 15629 | Lair:2   | Noticed Gastronok
 15642 | Lair:2   | Killed Gastronok
 15824 | Lair:2   | Learned a level 3 spell: Dazzling Spray
 16263 | Lair:3   | Found a hole to the Spider Nest.
 16382 | Lair:3   | Found an ornate altar of the Wu Jian Council.
 16596 | Lair:3   | Reached XP level 12. HP: 59/59 MP: 18/27
 16990 | Lair:4   | Reached ***** piety under Dithmenos
 17012 | Lair:4   | Found a staircase to the Shoals.
 17799 | Lair:5   | Reached skill level 1 in Shields
 18513 | Lair:5   | Noticed a six-headed hydra
 18518 | Lair:5   | Killed a six-headed hydra
 18518 | Lair:5   | Reached skill level 10 in Stealth
 18518 | Lair:5   | Reached skill level 10 in Spellcasting
 18618 | Lair:5   | Noticed a five-headed hydra
 18626 | Lair:5   | Slain by a five-headed hydra

Levels and vault maps discovered:
D:1:      minmay_arrival_widening_spiral_narrow, layout_loops_ring,
          serial_glass, glass_columns_a, glass_columns_c
D:2:      layout_basic, gammafunk_temple_overflow_claw, minmay_splitting_lines,
          serial_bayou_pond_c, nemelex_lonely_heart_becter
D:3:      layout_rooms, tgw_trog, first_ration, palyth_stone_intersect
D:4:      layout_loops_corners, minmay_temple_entry_poolview
D:5:      layout_basic, serial_shops, shop_fountains, nicolae_shop_crystal,
          nicolae_shop_behind_doors, shop, shop_fountains
D:6:      minmay_razor_zed, layout_basic, uniq_blork_the_orc, uniq_pikel
D:7:      layout_gridville, lemuel_round_altar, marbit_many_paths, serial_shops,
          shop, minivault_26
D:8:      layout_basic, serial_shops, kennysheep_mini
D:9:      layout_loops_ring, grunt_qazlal_clouds,
          grunt_lair_entry_orc_guard_hut, serial_shops, shop, uniq_grum
Temple:   regret_index_temple_generic_petals
Lair:1:   layout_regular_city, gammafunk_ghost_ooze, grunt_megastairs_2,
          infiniplex_staircase_pool_2
Lair:2:   layout_gridlike, lemuel_fruit_fields, uniq_erica, uniq_gastronok
Lair:3:   layout_gridlike, dummy_spider_entry, basic_altar,
          serial_bayou_shore_a, lemuel_fruit_tree, lemuel_fruit_fields
Lair:4:   layout_misc_corridors, minmay_shoals_entry_centaurs,
          grunt_forest_stairs_basic
Lair:5:   layout_roguey, grunt_megastairs_1

Skill      XL: |  1  2  3  4  5  6  7  8  9 10 11 12 |
---------------+-------------------------------------+-----
Stealth        | 3 4 5 6 7 8 9 10 | 10.0
Dodging        | 3 4 5 6 7 8 9 |  9.0
Air Magic      | 4 5 6 7 8 9 10 | 10.5
Conjurations   | 2 3 4 5 6 7 8 9 |  9.0
Spellcasting   | 4 5 6 7 8 9 10 | 10.0
Invocations    | 2 3 5 6 |  6.5
Translocations | 2 4 5 |  5.9
Armour         | 3 4 |  4.0
Shields        | 1 |  1.9

Action                   |  1- 3 |  4- 6 |  7- 9 | 10-12 || total
-------------------------+-------+-------+-------+-------++-------
Melee: Dagger            |     4 |    34 |       |     4 ||    42
       Falchion          |       |     6 |    29 |       ||    35
 Cast: Shock             |    99 |   204 |   306 |   414 ||  1023
       Airstrike         |       |       |    37 |    71 ||   108
       Static Discharge  |       |       |     3 |    20 ||    23
       Lightning Bolt    |       |       |       |     2 ||     2
       Summon Lightning  |       |       |       |     2 ||     2
       Mephitic Cloud    |       |       |       |     1 ||     1
Evoke: Wand              |       |       |     2 |    17 ||    19
  Use: Scroll            |     4 |       |     3 |     6 ||    13
       Potion            |       |     2 |       |     6 ||     8
 Stab: Sleeping          |       |       |     2 |       ||     2
  Eat: Chunk             |     3 |    11 |    16 |    15 ||    45
       Ration            |       |       |     2 |     2 ||     4
Armor: Robe              |     1 |     9 |    15 |     2 ||    27
       Leather armour    |       |       |       |     4 ||     4
Dodge: Dodged            |    25 |    73 |    92 |   131 ||   321
       Rpst.: Falchion   |       |     3 |    24 |       ||    27
